 Dungeon Crawl Stone Soup version 0.26-a0-651-gb41185065b (webtiles) character file.

Game seed: 9775291128812986046

115 Apogee the Grave Robber (level 4, -1/24 HPs)
             Began as a Deep Elf Necromancer on Oct 13, 2020.
             Slain by an orc warrior
             ... wielding a +0 war axe
              (15 damage)
             ... on level 3 of the Dungeon.
             The game lasted 00:04:06 (3201 turns).

Apogee the Grave Robber (Deep Elf Necromancer)      Turns: 3201, Time: 00:04:07

Health: -1/24      AC:  2    Str:  5    XL:     4   Next: 68%
Magic:  2/12       EV: 13    Int: 21    God:
Gold:   155        SH:  0    Dex: 15    Spells: 7/12 levels left

rFire    . . .     SeeInvis .   e - +0 mace
rCold    . . .     Faith    .   (no shield)
rNeg     . . .     Spirit   .   d - +0 robe (curse)
rPois    .         Reflect  .   (no helmet)
rElec    .         Harm     .   (no cloak)
rCorr    .         Rampage  .   (no gloves)
MR       .....                  (no boots)
Stlth    +++.......             (no amulet)
HPRegen  0.08/turn              m - ring of stealth
MPRegen  0.13/turn              (no ring)

@: no status effects
A: no striking features
a: no special abilities


You were on level 3 of the Dungeon.
You visited 1 branch of the dungeon, and saw 3 of its levels.

You collected 155 gold pieces.

Inventory:

Hand Weapons
 e - a +0 mace (weapon)
   (You found it on level 1 of the Dungeon)
 l - a +1 dagger of draining
   (You took it off a kobold on level 2 of the Dungeon)
Missiles
 h - a throwing net (quivered) {!f}
Armour
 a - a +0 robe
 d - a cursed +0 robe (worn)
   (You found it on level 1 of the Dungeon)
Jewellery
 m - a ring of stealth (left hand)
   (You found it on level 2 of the Dungeon)
 o - an uncursed ring of ice {unknown}
   (You found it on level 3 of the Dungeon)
Scrolls
 c - 2 scrolls of random uselessness {unknown}
 f - a scroll of fog {unknown}
 i - a scroll of remove curse {unknown}
 j - a scroll of enchant weapon {unknown}
 k - 3 scrolls of fear {unknown}
 n - a scroll of immolation {unknown}
Potions
 b - a potion of lignification {unknown}
 g - 4 potions of curing {@q1}


   Skills:
 - Level 2.4 Dodging
 - Level 2.4 Stealth
 + Level 4.5 Spellcasting
 * Level 6.6 Necromancy


You had 7 spell levels left.
You knew the following spells:

 Your Spells              Type           Power        Failure   Level
a - Pain                  Necr           ####         1%          1
u - Animate Dead          Necr           ####......   8%          4

Your spell library contained the following spells:

 Spells                   Type           Power        Failure   Level
 Animate Skeleton         Necr           ####..       1%          1
 Vampiric Draining        Necr           ####......   2%          3
 Agony                    Necr           ####....     21%         5


Dungeon Overview and Level Annotations

Branches:
Dungeon (3/15)

Altars:


Message History

The dart slug writhes in agony.
Aim: a dart slug (severely wounded, chance to defeat MR: 93%)
The dart slug writhes in agony!
You kill the dart slug!
This spell is extremely dangerous to cast!
Memorise Animate Dead, consuming 4 spell levels and leaving 7?
You start memorising the spell.
You continue memorising. x4
You finish memorising.
Spell assigned to 'u'.
A giant cockroach comes into view.
Found a stone staircase leading up.
You see here a short sword.
A giant cockroach is nearby!
A giant cockroach is nearby!
An orc comes into view. It is wielding a +0 whip.
You can't see any susceptible monsters within range! (Use Z to cast anyway.) Unknown command.
An orc comes into view.
Found a flail.
Aim: a giant cockroach (asleep, chance to defeat MR: 93%)
The giant cockroach writhes in agony.
Aim: a giant cockroach (heavily wounded, chance to defeat MR: 93%)
The giant cockroach writhes in agony.
The orc shouts!
An orc warrior comes into view. It is wielding a +0 war axe.
Aim: an orc, wielding a +0 whip (chance to defeat MR: 93%)
The orc barely resists.
The orc warrior shouts!
Aim: a giant cockroach (severely wounded, chance to defeat MR: 93%)
The giant cockroach writhes in agony.
You kill the giant cockroach!
Aim: an orc, wielding a +0 whip (chance to defeat MR: 93%)
The orc writhes in agony!
You kill the orc!
You can't see any susceptible monsters within range! (Use Z to cast anyway.)
Aim: an orc warrior, wielding a +0 war axe and wearing a +0 chain mail (chance to defeat MR: 84%)
The orc warrior writhes in agony.
The orc shouts!
Aim: an orc warrior, wielding a +0 war axe and wearing a +0 chain mail (lightly wounded, chance to defeat MR: 84%)
The orc warrior writhes in agony.
Aim: an orc warrior, wielding a +0 war axe and wearing a +0 chain mail (moderately wounded, chance to defeat MR: 84%)
The orc warrior writhes in agony.
Aim: an orc warrior, wielding a +0 war axe and wearing a +0 chain mail (heavily wounded, chance to defeat MR: 84%)
The orc warrior writhes in agony!
The orc warrior misses you.
Aim: an orc warrior, wielding a +0 war axe and wearing a +0 chain mail (almost dead, chance to defeat MR: 84%)
The orc warrior writhes in agony.
Aim: an orc warrior, wielding a +0 war axe and wearing a +0 chain mail (almost dead, chance to defeat MR: 84%)
The orc warrior barely resists.
The orc warrior hits you with a +0 war axe!
Ouch! That really hurt!
You die...

.# .# <# ##
.## #. .. .
##
.#)###.).
#.. #
#oo....#
#...#. #@.#
#.....##..#
#.......).#
...###.###
#.# #.# #.#
### ##.#
#.####).#


You could see an orc warrior and an orc.

Vanquished Creatures
  A gnoll (D:2)
  4 adders
  An ooze (D:1)
  2 worms (D:2)
  3 dart slugs
  A leopard gecko (D:2)
  An orc (D:3)
  3 giant cockroaches
  7 goblins
  7 hobgoblins
  2 jackals (D:3)
  3 kobolds
  A quokka (D:2)
  4 bats (D:1)
  3 frilled lizards (D:1)
  A leopard gecko skeleton (D:2)
  10 rats
54 creatures vanquished.

Notes
Turn   | Place    | Note
-------+----------+-------------------------------------------
     0 | D:1      | Apogee the Deep Elf Necromancer began the quest for the
                  | Orb.
     0 | D:1      | Reached XP level 1. HP: 10/10 MP: 6/6
   373 | D:1      | Reached skill level 5 in Necromancy
   614 | D:1      | Reached XP level 2. HP: 3/15 MP: 0/8
  1507 | D:2      | Reached XP level 3. HP: 13/19 MP: 2/10
  1681 | D:2      | Reached skill level 6 in Necromancy
  2298 | D:2      | Reached XP level 4. HP: 16/24 MP: 7/12
  3146 | D:3      | Learned a level 4 spell: Animate Dead
  3192 | D:3      | Noticed an orc warrior
  3201 | D:3      | Slain by an orc warrior

Illustrated notes

Levels and vault maps discovered:
D:1:      dpeg_arrival_arbitrary_c, layout_loops_ring, serial_bayou_pond_d
D:2:      minmay_diamond_boxcup, layout_rooms, uniq_crazy_yiuf_cottage
D:3:      layout_rooms, nemelex_xobeh_ov_fountains_minmay,
          grunt_dithmenos_smoke_and_mirrors, okawaru_gym_becter, uniq_sigmund

Skill      XL: |  1  2  3 |
---------------+----------+-----
Necromancy     | 5 6 |  6.6
Spellcasting   | 4 |  4.5
Dodging        | |  2.4
Stealth        | |  2.4

Action                   |  1- 3 |  4- 6 || total
-------------------------+-------+-------++-------
Melee: Mace              |     5 |       ||     5
 Cast: Pain              |    65 |    50 ||   115
Armor: Robe              |     4 |       ||     4
Dodge: Dodged            |    16 |     7 ||    23

Table legend: (Time is in decaauts)
 A = Elapsed time spent in this place.
 B = Non-inter-level travel time spent in this place.
 C = Inter-level travel time spent in this place.
 D = Time resting spent in this place.
 E = Time spent auto-exploring this place.
 F = Levels seen in this place.
 G = Mean time per level.
                   A        B        C        D        E       F      G
               +--------+--------+--------+--------+--------+-----+--------+
         Total |   3204 |   3000 |    204 |    878 |   1829 |   3 | 1068.0 |
       Dungeon |   3204 |   3000 |    204 |    878 |   1829 |   3 | 1068.0 |
               +--------+--------+--------+--------+--------+-----+--------+

Top non-repeatable levels by time:
     D:2: 1533 daAuts
     D:1: 1353 daAuts
     D:3: 317 daAuts
